 Dungeon Crawl Stone Soup version 0.18.1-50-g88ac8fd (webtiles) character file.

356 Korbac the Skirmisher (level 6, -3/53 HPs)
             Began as a Human Wanderer on Oct 18, 2016.
             Slain by kengeki's ghost (15 damage)
             ... on level 3 of the Dungeon.
             The game lasted 00:14:46 (3200 turns).

Korbac the Skirmisher (Human Wanderer)              Turns: 3200, Time: 00:14:47

Health: -3/53      AC:  3    Str: 13    XL:     6   Next: 96%
Magic:  6/6        EV:  7    Int: 12    God:
Gold:   239        SH:  5    Dex: 14    Spells: 0 memorised, 5 levels left

rFire  + . .     SeeInvis .     a - +3 spear
rCold  . . .     Gourm    .     d - +0 robe
rNeg   . . .     Faith    .     c - +1 buckler
rPois  .         Spirit   .     (no helmet)
rElec  .         Dismiss  .     (no cloak)
rCorr  .         Reflect  .     f - +0 pair of gloves
SustAt .         Harm     .     (no boots)
MR     .....                    (no amulet)
Stlth  ++........               (no ring)
                                q - ring of protection from fire

@: not resistant to hostile enchantments, unstealthy
A: no striking features
a: no special abilities


You were on level 3 of the Dungeon.
You were not hungry.

You visited 1 branch of the dungeon, and saw 3 of its levels.

You collected 239 gold pieces.

Inventory:

Hand Weapons
 a - a +3 spear (weapon)
 p - a +0 spear
Missiles
 e - 22 stones (quivered)
 g - 25 sling bullets
Armour
 c - a +1 buckler (worn)
 d - a +0 robe (worn)
 f - a +0 pair of gloves (worn)
Jewellery
 q - a ring of protection from fire (left hand)
Wands
 b - a wand of acid (6/15)
Scrolls
 k - a scroll of blinking {unknown}
 l - a scroll of amnesia {unknown}
Potions
 m - a potion of ambrosia {unknown}
 n - a potion of curing
 o - a potion of berserk rage {unknown}
 s - a potion of flight {unknown}
Comestibles
 i - 4 fruits


   Skills:
 * Level 6.5 Fighting
 * Level 3.7 Polearms
 + Level 1.0 Throwing
 + Level 2.8 Dodging
 + Level 1.2 Stealth
 * Level 2.2 Shields
 + Level 0.2 Evocations


You had 5 spell levels left.
You didn't know any spells.

Dungeon Overview and Level Annotations

Branches:
Dungeon (3/15)

Altars:
Cheibriados

Annotations:
D:3 kengeki's ghost, amateur HOFi


Message History

Kengeki's ghost is lightly damaged.
Kengeki's ghost hits you!
* * * LOW HITPOINT WARNING * * *
A jackal comes into view.
Kengeki's ghost wails.
A jackal comes into view.
You block the jackal's attack.
You hit the jackal.
The jackal is lightly wounded.
The jackal misses you.
You hit the jackal but do no damage.
The jackal is lightly wounded.
The jackal closely misses you. The jackal misses you.
You hit the jackal.
You kill the jackal!
You see here a club.
You see here 20 sling bullets.
There is a stone staircase leading up here.
Kengeki's ghost hits you!
You die...

#......)###...# #.# #..÷....#
##..########.# #.......#
##.......##h#### #####.#.###
####..........# #.#...##
#######.#....> #.###..###
#.#....# #. #.# ##.(.#
#....#.. #...##.######W##
...... . #............@>####.
.......
#...###.......................
### #.<....#...#####........
#..............##....
#..........##........
#####...##....(...###
#.........####.##....
#.....##......÷.##.###
#.........####(.)...>###


You could see kengeki's ghost.

Vanquished Creatures
  Sigmund (D:2)
  An orc wizard (D:3)
  Ijyb (D:2)
  Terence (D:2)
  Robin (D:3)
  An adder (D:3)
  An adder zombie (D:3)
  2 worms (D:2)
  5 dart slugs
  A giant gecko (D:1)
  2 orcs (D:3)
  16 goblins
  12 hobgoblins
  7 jackals
  A ball python (D:2)
  11 bats
  4 giant newts
  8 kobolds
  5 rats
81 creatures vanquished.

Notes
Turn   | Place    | Note
--------------------------------------------------------------
     0 | D:1      | Korbac the Human Wanderer began the quest for the Orb.
     0 | D:1      | Korbac set off with: a +2 spear, a potion of curing, a +0 buckler, a +0 robe, a bread ration
     0 | D:1      | Reached XP level 1. HP: 21/21 MP: 1/1
   139 | D:1      | Reached XP level 2. HP: 3/27 MP: 2/2
   700 | D:1      | Reached XP level 3. HP: 26/33 MP: 3/3
  1249 | D:2      | Reached XP level 4. HP: 26/40 MP: 4/4
  1377 | D:2      | Reached skill level 1 in Dodging
  1430 | D:2      | Noticed Terence
  1457 | D:2      | Killed Terence
  1658 | D:2      | Noticed Ijyb
  1660 | D:2      | Noticed Sigmund
  1977 | D:2      | Found a snail-covered altar of Cheibriados.
  2040 | D:2      | Reached XP level 5. HP: 45/46 MP: 5/5
  2157 | D:3      | Noticed kengeki's ghost (amateur HOFi)
  2171 | D:3      | Noticed Robin
  2239 | D:3      | Killed Robin
  2239 | D:3      | Reached skill level 6 in Fighting
  2505 | D:2      | Killed Ijyb
  2760 | D:2      | Killed Sigmund
  2760 | D:2      | Reached XP level 6. HP: 21/53 MP: 6/6
  3200 | D:3      | Slain by kengeki's ghost

Skill      XL: |  1  2  3  4  5 |
---------------+----------------+-----
Dodging        | 1 2 |  2.8
Polearms       | 3 |  3.7
Fighting       | 6 |  6.5
Shields        | 2 |  2.2
Throwing       | |  1.0
Stealth        | |  1.2
Evocations     | |  0.2

Action                   |  1- 3 |  4- 6 || total
-------------------------+-------+-------++-------
Melee: Spear             |   118 |   222 ||   340
Evoke: Wand              |       |     1 ||     1
  Use: Scroll            |     2 |     7 ||     9
       Potion            |       |     3 ||     3
 Stab: Sleeping          |     3 |     1 ||     4
  Eat: Bread ration      |     1 |     1 ||     2
       Pizza             |       |     1 ||     1
Armor: Robe              |    16 |    17 ||    33
       Skin              |       |    41 ||    41
Dodge: Dodged            |    64 |    89 ||   153
Block: Buckler           |    17 |    39 ||    56
